 Dungeon Crawl Stone Soup version 0.30-a0-12-gd8047c6341 (webtiles) character file.

Game seed: 3422214446892768992

30 SensoryNuts the Covered (level 2, -2/25 HPs)
             Began as a Demigod Fighter on Aug 23, 2022.
             Slain by Terence
             ... wielding a +2 hand axe of electrocution
              (4 damage)
             ... on level 2 of the Dungeon.
             The game lasted 00:02:00 (864 turns).

SensoryNuts the Covered (Demigod Fighter)            Turns: 864, Time: 00:02:00

Health: -2/25      AC:  6    Str: 17    XL:     2   Next: 87%
Magic:  4/4        EV:  9    Int: 10    God:
Gold:   28         SH:  4    Dex: 11    Spells: 1/1 levels left

rFire   . . .      SeeInvis .    a - +0 war axe
rCold   . . .      Faith    .    c - +0 buckler
rNeg    . . .      Spirit   .    b - +0 scale mail
rPois   .          Reflect  .    (helmet restricted)
rElec   .          Harm     .    (no cloak)
rCorr   .          Rampage  .    (no gloves)
Will    .....                    (no boots)
Stlth   ..........               (no amulet)
HPRegen 0.08/turn                (no ring)
MPRegen 0.09/turn                (no ring)

@: mighty
A: high MP 1, forlorn, divine attributes, claws 1, horns 1, talons 1, clumsy 1
a: no special abilities


You were on level 2 of the Dungeon.
You visited 1 branch of the dungeon, and saw 2 of its levels.

You collected 28 gold pieces.

Inventory:

Hand Weapons
 a - a +0 war axe (weapon)
Armour
 b - a +0 scale mail (worn)
 c - a +0 buckler (worn)
 h - a +0 helmet


   Skills:
 + Level 2.8 Fighting
 * Level 2.4 Axes
 + Level 3.0 Armour
 + Level 0.1 Dodging
 + Level 0.1 Stealth
 + Level 2.9 Shields


You had one spell level left.
You didn't know any spells.
Your spell library was empty.

Dungeon Overview and Level Annotations

Branches:
Dungeon (2/15)

Shops:
D:1 *

Annotations:
D:2 Terence


Innate Abilities, Weirdness & Mutations

You have an increased reservoir of magic. (+10% MP)
You shall have no god before yourself.
Your divine heritage dramatically boosts your attributes as you level up.
You have sharp fingernails.
You have a pair of small horns on your head.
You have sharp toenails.
You are clumsy. (Dex -2)


Message History

There is a stone staircase leading down here.
You climb downwards.
Terence shouts!
Found a spear.
Found an escape hatch in the ceiling.
There is a stone staircase leading up here.
There are monsters nearby!
There are monsters nearby!
You barely miss Terence. Your kick misses Terence.
You headbutt Terence, but do no damage. Terence barely misses you.
You barely miss Terence. You claw Terence. You headbutt Terence!
Terence is heavily wounded.
Terence barely misses you.
You slash Terence!
Terence is almost dead.
You block Terence's attack.
Terence hits you with a +2 hand axe of electrocution.
You are electrocuted!
You are too injured to fight recklessly!
You are too injured to fight recklessly!
You are too injured to fight recklessly!
You are too injured to fight recklessly!
Unknown command.
You are too injured to fight recklessly!
You barely miss Terence. You claw Terence, but do no damage.
Terence is almost dead.
You barely miss the frilled lizard.
Terence hits you with a +2 hand axe of electrocution.
* * * LOW HITPOINT WARNING * * *
The frilled lizard barely misses you.
You closely miss Terence. Your headbutt misses Terence.
Terence is almost dead.
You miss the frilled lizard. You block the frilled lizard's attack.
Terence hits you with a +2 hand axe of electrocution.
* * * LOW HITPOINT WARNING * * *
The frilled lizard bites you but does no damage.
Terence hits you with a +2 hand axe of electrocution.
* * * LOW HITPOINT WARNING * * *
You feel very mighty all of a sudden.
Terence hits you with a +2 hand axe of electrocution.
You die...

... ... # .
.. .# .. ..
..# ...#
###. ...#
#... #..
...#
#..#.#....#
#..l@@#
#.....#
.........#
####..)..#
#.....#
#.....#
#....<#
#.#####


You could see Terence and a frilled lizard.

Vanquished Creatures
  A dart slug (D:1)
  3 endoplasms (D:1)
  2 giant cockroaches (D:1)
  5 hobgoblins (D:1)
  A ball python (D:1)
  A bat (D:1)
  2 frilled lizards (D:1)
  4 goblins (D:1)
  3 kobolds (D:1)
  5 rats (D:1)
27 creatures vanquished.

Vanquished Creatures (others)
  2 plants (D:1)
2 creatures vanquished.

Grand Total: 29 creatures vanquished

Notes
Turn   | Place    | Note
-------+----------+-------------------------------------------
     0 | D:1      | SensoryNuts the Demigod Fighter began the quest for the
                  | Orb.
     0 | D:1      | Reached XP level 1. HP: 18/18 MP: 3/3
   105 | D:1      | Reached XP level 2. HP: 25/25 MP: 4/4
   165 | D:1      | Found Depefre's General Store.
   290 | D:1      | Reached skill level 3 in Armour
   804 | D:1      | Gained mutation: You are clumsy. (Dex -2) [potion of
                  | mutation]
   804 | D:1      | Gained mutation: You have sharp fingernails. [potion of
                  | mutation]
   804 | D:1      | Gained mutation: You have sharp toenails. [potion of
                  | mutation]
   804 | D:1      | Gained mutation: You have a pair of small horns on your
                  | head. [potion of mutation]
   858 | D:2      | Noticed Terence
   864 | D:2      | Slain by Terence

Illustrated notes

Levels and vault maps discovered:
D:1:      lemuel_arrival_rhombus, layout_loops_ring,
          shapermc_ecumenical_altar_starsandcircs, serial_shops,
          nicolae_diamond_shop, serial_bayou_pond_b,
          chequers_serial_rivers_micro_d
D:2:      layout_rooms, basic_altar, uniq_sigmund, uniq_terence

Skill      XL: |  1  2 |
---------------+-------+-----
Axes           | 2 |  2.4
Armour         | 3 |  3.0
Fighting       | |  2.8
Dodging        | |  0.1
Stealth        | |  0.1
Shields        | |  2.9

Action                   || total
-------------------------++-------
Melee: War axe           ||    69
       Kick              ||     2
       Headbutt          ||     2
  Use: Scroll            ||     3
       Potion            ||     3
Armor: Scale mail        ||    35
Dodge: Dodged            ||    23
Block: Buckler           ||    13

Table legend: (Time is in decaauts)
 A = Elapsed time spent in this place.
 B = Non-inter-level travel time spent in this place.
 C = Inter-level travel time spent in this place.
 D = Time resting spent in this place.
 E = Time spent auto-exploring this place.
 F = Levels seen in this place.
 G = Mean time per level.
                   A        B        C        D        E       F      G
               +--------+--------+--------+--------+--------+-----+--------+
         Total |    894 |    844 |     50 |      0 |    664 |   2 |  447.0 |
       Dungeon |    894 |    844 |     50 |      0 |    664 |   2 |  447.0 |
               +--------+--------+--------+--------+--------+-----+--------+

Top non-repeatable levels by time:
     D:1: 887 daAuts
     D:2: 7 daAuts
